 Dungeon Crawl Stone Soup version 0.18-b1-2-gd0c887e (webtiles) character file.

83 Alarkh the Insei (level 4, -1/32 HPs)
             Began as a Demonspawn Transmuter on Apr 28, 2016.
             Slain by a gnoll
             ... wielding a +0 spear
              (4 damage)
             ... on level 2 of the Dungeon.
             The game lasted 00:02:53 (1911 turns).

Alarkh the Insei (Demonspawn Transmuter)            Turns: 1911, Time: 00:02:53

Health: -1/32      AC:  3    Str: 10    XL:     4   Next: 22%
Magic:  7/7        EV: 12    Int: 15    God:
Gold:   41         SH:  0    Dex: 14    Spells: 2 memorised, 3 levels left

rFire  . . .     SeeInvis .       - Unarmed
rCold  . . .     Gourm    .     b - +0 robe
rNeg   . . .     Faith    .     (no shield)
rPois  .         Spirit   .     (no helmet)
rElec  .         Dismiss  .     (no cloak)
rCorr  .         Reflect  .     (no gloves)
SustAt .         Harm     .     (no boots)
MR     +....                    (no amulet)
Stlth  +.........               (no ring)
                                g - ring of protection from magic

@: somewhat resistant to hostile enchantments, very unstealthy
A: claws 1, molten scales 1
a: no special abilities


You were on level 2 of the Dungeon.
You were not hungry.

You visited 1 branch of the dungeon, and saw 2 of its levels.

You collected 41 gold pieces.

Inventory:

Armour
 b - a +0 robe (worn)
Jewellery
 g - a ring of protection from magic (left claw)
Scrolls
 j - a scroll of enchant armour {unknown}
 k - a scroll of fear {unknown}
Potions
 e - a potion of curing
 h - a potion of magic
 l - a potion of lignification
Books
 c - a book of Changes

   Spells                             Type                      Level
   a - Beastly Appendage              Transmutation                1
   b - Sticks to Snakes               Transmutation                2
   c - Spider Form                    Transmutation/Poison         3
   d - Ice Form                       Ice/Transmutation            4
   e - Blade Hands                    Transmutation                5
Comestibles
 a - 3 chunks of flesh
 d - 2 bread rations
 i - a beef jerky


   Skills:
 - Level 1.0 Fighting
 - Level 1.7 Dodging
 + Level 4.6 Unarmed Combat
 - Level 2.0 Spellcasting
 - Level 1.7 Transmutations


You had 3 spell levels left.
You knew the following spells:

 Your Spells              Type           Power        Failure   Level  Hunger
a - Beastly Appendage     Trmt           #.....       12%         1    #......
b - Spider Form           Trmt/Pois      #.........   56%         3    ###....


Dungeon Overview and Level Annotations

Branches:
Dungeon (2/15)

Altars:
Gozag


Innate Abilities, Weirdness & Mutations

You have sharp fingernails.
You are partially covered in molten scales (AC +1).


Message History

The gnoll shouts!
The gnoll moves out of view.
A gnoll comes into view. It is wielding a halberd.
Things that are here:
a club; a gnoll corpse You butcher the gnoll corpse.
The gnoll shouts!
The gnoll barely misses you.
Things that are here:
a club; 2 chunks of flesh The gnoll hits you with a spear!
You scratch the gnoll. Your headbutt misses the gnoll.
The gnoll is heavily wounded.
Your horns disappear.
The gnoll hits you with a spear!
* * * LOW HITPOINT WARNING * * *
The gnoll hits you from afar with a halberd.
* * * LOW HITPOINT WARNING * * *
The gnoll hits you from afar with a spear.
You die...

...........###....#.#.#.##.#.##..
..................#.#.#.#........
..........###.....#.#.#.####.##..
####..#.#.# #.........#.).((..#
#..#.#.###......##.#........#
#..#.#........g.##.#.#####.##
#..#.#####(#.g...#.#.# #.#
####..#..........#..#.#.#####.#
...........##...@.............#
##########.#####.####(#.#######
......................#.#
########.#.#####...)..#.#
.........#.# ######.#.#
.#######.#.# #.#.# .# #.#.# #.#..
.#######.#.# #.#.# ......(..#.#
#.#


You could see 2 gnolls.

Vanquished Creatures
  A gnoll (D:2)
  2 adders (D:2)
  A worm (D:2)
  A dart slug (D:1)
  A giant gecko (D:2)
  A ball python (D:1)
  5 giant cockroaches
  3 goblins (D:1)
  6 hobgoblins
  5 jackals
  3 bats
  4 giant newts
  10 kobolds
  5 rats
48 creatures vanquished.

Notes
Turn   | Place    | Note
--------------------------------------------------------------
     0 | D:1      | Alarkh the Demonspawn Transmuter began the quest for the Orb.
     0 | D:1      | Reached XP level 1. HP: 15/15 MP: 3/3
    31 | D:1      | Reached skill level 3 in Unarmed Combat
   268 | D:1      | Gained mutation: You have sharp fingernails. [demonic ancestry]
   268 | D:1      | Reached XP level 2. HP: 20/21 MP: 5/5
  1014 | D:1      | Reached XP level 3. HP: 24/26 MP: 6/6
  1483 | D:2      | Reached skill level 4 in Unarmed Combat
  1633 | D:2      | Learned a level 3 spell: Spider Form
  1699 | D:2      | Found an opulent altar of Gozag.
  1775 | D:2      | Gained mutation: You are partially covered in molten scales (AC +1). [demonic ancestry]
  1775 | D:2      | Reached XP level 4. HP: 31/32 MP: 5/7
  1911 | D:2      | Slain by a gnoll

Skill      XL: |  1  2  3 |
---------------+----------+-----
Unarmed Combat | 3 4 |  4.6
Fighting       | |  1.0
Dodging        | |  1.7
Spellcasting   | |  2.0
Transmutations | |  1.7

Action                   |  1- 3 |  4- 6 || total
-------------------------+-------+-------++-------
Melee: Unarmed           |   147 |     7 ||   154
       Headbutt          |     3 |     1 ||     4
       Punch             |     2 |       ||     2
       Kick              |     4 |       ||     4
 Cast: Beastly Appendage |    14 |     2 ||    16
       Spider Form       |     1 |       ||     1
  Use: Scroll            |     3 |       ||     3
 Stab: Sleeping          |     1 |       ||     1
  Eat: Chunk             |     3 |     1 ||     4
Armor: Robe              |    28 |       ||    28
       Skin              |     1 |       ||     1
Dodge: Dodged            |    90 |     2 ||    92
